 Dungeon Crawl Stone Soup version 0.27.1-37-g7b29ead8ac (console) character file.

Game seed: 4427415111272276962

9136 grimtooth the Frost Mage (level 11, -6/58 HPs)
             Began as a Deep Elf Delver on June 16, 2023.
             Was a Believer of Sif Muna.
             Mangled by a minotaur (30 damage)
             ... in a Gauntlet on June 17, 2023.
             The game lasted 02:06:52 (14618 turns).

grimtooth the Frost Mage (Deep Elf Delver)         Turns: 14618, Time: 02:06:52

Health: -6/58      AC:  4    Str:  9    XL:     11   Next: 19%
Magic:  22/26      EV: 18    Int: 26    God:    Sif Muna [**....]
Gold:   484        SH:  9    Dex: 16    Spells: 15/28 levels left

rFire    . . .     SeeInvis .   i - +1 dagger (venom)
rCold    . . .     Faith    .   J - +4 buckler of the Watchman {rPois Int+7 Slay-4}
rNeg     + . .     Spirit   .   z - +0 leather armour
rPois    +         Reflect  .   (no helmet)
rElec    .         Harm     .   (no cloak)
rCorr    .         Rampage  .   p - +0 pair of gloves
Will     +....     NoTele   +   (no boots)
Stlth    ++++......             v - amulet of regeneration
HPRegen  1.19/turn              s - ring of positive energy
MPRegen  0.20/turn              x - +4 ring of evasion

@: mighty, very slightly contaminated, invisible
A: no striking features
a: Renounce Religion, Channel Magic


You were in a Gauntlet.
You worshipped Sif Muna.
Sif Muna was pleased with you.
You visited 3 branches of the dungeon, and saw 12 of its levels.
You also visited: Sewer, Gauntlet and Volcano.

You collected 484 gold pieces.

Inventory:

Hand Weapons
 a - a +0 short sword of protection
 b - a +2 dagger of draining
 g - a +0 short sword of electrocution
 i - a +1 dagger of venom (weapon)
Missiles
 k - 49 poisoned darts (quivered)
 n - 28 stones
 B - 9 curare-tipped darts
Armour
 p - a +0 pair of gloves (worn)
 r - a +1 pair of gloves of strength
 z - a +0 leather armour (worn)
 J - the +4 buckler of the Watchman (worn) {rPois Int+7 Slay-4}
   (You found it on level 8 of the Dungeon)

   Int:       It affects your intelligence (+7).
   Slay:      It affects your accuracy & damage with ranged weapons and melee
   (-4).
   rPois:     It protects you from poison.
 L - +0 acid dragon scales
Magical Staves
 j - a staff of cold
 l - a staff of poison
Jewellery
 s - a ring of positive energy (left hand)
 v - an amulet of regeneration (around neck)
 x - a +4 ring of evasion (right hand)
 y - a ring of positive energy
Wands
 f - a wand of paralysis (7)
 o - a wand of charming (12)
 G - a wand of digging (6)
Scrolls
 c - a scroll of fog
 d - 5 scrolls of magic mapping
 h - 2 scrolls of enchant armour
 q - a scroll of teleportation
 t - a scroll of immolation
 E - 2 scrolls of noise
 I - a scroll of enchant weapon
Potions
 e - 7 potions of flight
 m - a potion of resistance
 u - 3 potions of curing
 w - a potion of brilliance
 C - 2 potions of magic
 F - 2 potions of might
 H - a potion of lignification
 M - a potion of ambrosia


   Skills:
 - Level 2.4 Fighting
 - Level 6.0 Short Blades
 - Level 6.7 Dodging
 - Level 9.0 Stealth
 - Level 4.0 Shields
 - Level 9.0 Spellcasting
 + Level 9.0 Hexes
 * Level 9.2 Ice Magic
 - Level 6.0 Invocations


You had 15 spell levels left.
You knew the following spells:

 Your Spells              Type           Power      Damage    Failure   Level
e - Ensorcelled Hibernat  Hex/Ice        100%       N/A       1%          2
o - Ozocubu's Armour      Ice            56%        N/A       1%          3
z - Confusing Touch       Hex            55%        N/A       1%          3
E - Metabolic Englaciati  Hex/Ice        28%        N/A       4%          5

Your spell library contained the following spells:

 Spells                   Type           Power      Damage    Failure   Level
 Slow                     Hex            55%        N/A       1%          2
 Pain                     Necr           44%        1d6       7%          1
 Sandblast                Erth           22%        2d7       7%          1
 Passwall                 Tmut/Erth      9%         N/A       11%         2
 Ignite Poison            Fire/Tmut/Pois 11%        N/A       22%         3
 Mephitic Cloud           Conj/Pois/Air  11%        N/A       22%         3
 Spider Form              Tmut/Pois      5%         N/A       22%         3
 Vampiric Draining        Necr           5%         2d6       22%         3
 Simulacrum               Ice/Necr       17%        N/A       86%         6
 Agony                    Necr           11%        N/A       89%         5
 Bolt of Magma            Conj/Fire/Erth 5%         4d5       89%         5
 Excruciating Wounds      Necr           5%         N/A       89%         5
 Lee's Rapid Deconstruct  Erth           5%         3d7*      89%         5
 Shadow Creatures         Summ           N/A        N/A       100%        6


Dungeon Overview and Level Annotations

Branches:
Dungeon (10/15)            Temple (1/1) D:6            Lair (1/6) D:8
    Orc (0/2) D:10          Sewer (visited)         Volcano (visited)
Gauntlet (1/1)

Altars:
Ashenzari
Cheibriados
Dithmenos
Elyvilon
Fedhas
Gozag
Hepliaklqana
Kikubaaqudgha
Makhleb
Nemelex Xobeh
Okawaru
Qazlal
Ru
Sif Muna
Trog
Uskayaw
Vehumet
Wu Jian
Xom
Yredelemnul
Zin
The Shining One

Shops:
D:7 *

Annotations:
D:6 2 transporters, exclusion: 2 wights, grimtooth's ghost, novice DgFE
D:8 fly Gauntlet 8 transporters, 1 runed translucent door


Message History

The floor.
Casting: Metabolic Englaciation (dangerous; 4% risk of failure)
Confirm with . or Enter, or press ? or * to list all spells.
You radiate an aura of cold.
The minotaur zombie is unaffected.
The minotaur seems to slow down.
You fade into invisibility!
The minotaur throws a javelin.
The javelin pierces through the minotaur zombie!
The javelin pierces through you!!
Ouch! That really hurt!
The minotaur zombie misses you. The minotaur zombie barely misses you.
You are very lightly contaminated with residual magic.
You feel very mighty all of a sudden.
You feel better.
Your +0 short sword of protection goes still.
You sense an unholy aura.
b - a +2 dagger of draining (weapon)
You hit the minotaur.
The minotaur is lightly wounded.
Casting: Metabolic Englaciation (dangerous; 4% risk of failure)
Confirm with . or Enter, or press ? or * to list all spells.
You don't know that spell.
Casting: Metabolic Englaciation (dangerous; 4% risk of failure)
Confirm with . or Enter, or press ? or * to list all spells.
Aiming: Ensorcelled Hibernation (safe; 1% risk of failure)
Press: ? - help, Shift-Dir - straight line, f - minotaur
Aim: a minotaur, wielding a staff of death, wearing a +4 ring mail of poison resistance, wearing the amulet of Vitality {Regen+ HP+15} and quivering javelins (lightly wounded, slow, chance to affect: 11%)
Okay, then.
You hit the minotaur but do no damage.
The minotaur is lightly wounded.
You block the minotaur's attack. The minotaur gores you!
You hit the minotaur but do no damage. You drain the minotaur.
The minotaur is lightly wounded.
Your +1 dagger of venom begins to drip with poison!
i - a +1 dagger of venom (weapon)
You barely miss the minotaur.
The minotaur is lightly wounded.
The minotaur hits you with a staff of death!!
Ouch! That really hurt!
You die...

..♣P.P♣P..♣P.P♣..........P♣...♣..
...............P....∩...P........
≈#≈≈≈#≈≈≈#≈≈≈#..♣.......♣..#≈≈≈#≈
###≈###≈###≈###...........###≈###
### ### ##################### #
................ ♣.♣.©.©.©.©.♣.♣
................ ####.###.###.###
###.###.###.### #..@HZ........#
#.###.###.###.# #.............#
#######'####### #.# ∩.. ...⌠+
'⌠.. # ##..⌠ ###+


You could see a minotaur (slow, drained) and a minotaur zombie (wandering).

Vanquished Creatures
  A two-headed ogre (D:10)
  A death scarab (Gauntlet)
  A fire crab (Gauntlet)
  Joseph (D:9)
  Maggie (D:5)
  A red devil (Volcano)
  2 trolls
  3 yaks (Lair:1)
  5 fire bats
  Duvessa (D:6)
  An acid dragon (D:9)
  A water moccasin (D:7)
  7 orc warriors
  2 necrophages
  3 ogres
  A centaur (D:5)
  A phantom (D:6)
  3 kobold brigands
  3 gnoll sergeants (D:8)
  5 bullfrogs
  2 scorpions (D:6)
  Dowan (D:6)
  3 killer bees (D:10)
  2 howler monkeys
  An electric eel (D:9)
  7 centaur zombies
  4 hounds
  4 jellies
  4 orc priests
  A bullfrog skeleton (D:5)
  3 iguanas
  8 orc wizards
  2 killer bee zombies
  2 howler monkey zombies
  11 gnolls (D:8)
  A howler monkey skeleton (D:7)
  12 adders
  2 river rats (Sewer)
  2 white imps (D:7)
  An ufetubus (D:7)
  2 worms (D:2)
  5 dart slugs
  38 orcs
  6 bats
  2 endoplasms (D:3)
  2 giant cockroaches
  4 goblins
  4 hobgoblins
  A jackal (Sewer)
  19 kobolds
  2 quokkas (D:1)
  8 ball pythons
  4 frilled lizards
  10 rats
224 creatures vanquished.

Vanquished Creatures (others)
  An orc wizard (D:10)
  3 plants
  4 withered plants (Gauntlet)
8 creatures vanquished.

Grand Total: 232 creatures vanquished

Notes
Turn   | Place    | Note
-------+----------+-------------------------------------------
     0 | D:5      | grimtooth the Deep Elf Delver began the quest for the Orb.
     0 | D:5      | Reached XP level 1. HP: 13/13 MP: 3/3
    15 | D:5      | Noticed an ogre
    24 | D:5      | Noticed a centaur
   159 | D:4      | Noticed a jelly
   265 | D:4      | Found a glowing drain.
   269 | D:4      | - looks pretty dangerous
   280 | D:4      | Reached XP level 2. HP: 18/18 MP: 4/4
   291 | D:4      | Reached XP level 3. HP: 10/22 MP: 5/5
   493 | Sewer    | Entered a sewer
   615 | Sewer    | Noticed a kobold brigand
   654 | Sewer    | Killed a kobold brigand
   655 | Sewer    | Reached skill level 5 in Dodging
   655 | Sewer    | Reached XP level 4. HP: 14/27 MP: 6/6
   855 | Sewer    | Found a white marble altar of Elyvilon.
   915 | D:4      | Noticed an ogre
   940 | D:4      | Learned a level 2 spell: Ensorcelled Hibernation
  1085 | D:3      | Reached XP level 5. HP: 21/31 MP: 7/7
  2880 | D:2      | Found a shimmering altar of Xom.
  2966 | D:2      | Found a faded altar of an unknown god.
  3434 | D:3      | Reached skill level 1 in Ice Magic
  3572 | D:3      | - what is up with these chainmail dipshits
  3582 | D:3      | Reached skill level 1 in Hexes
  3657 | D:3      | Reached XP level 6. HP: 32/36 MP: 8/8
  5021 | D:4      | Found a stormy altar of Qazlal.
  5571 | D:5      | Noticed an ice beast
  6040 | D:5      | Reached XP level 7. HP: 30/34 MP: 6/9
  6269 | D:5      | Reached skill level 5 in Ice Magic
  6542 | D:6      | Found a staircase to the Ecumenical Temple.
  6551 | Temple   | Entered the Ecumenical Temple
  6713 | Temple   | Became a worshipper of Sif Muna the Loreminder
  6907 | D:6      | Noticed Maggie
  6922 | D:5      | - this is a game-ender
  7241 | D:6      | Reached skill level 5 in Hexes
  7334 | D:6      | Found a transporter.
  7334 | D:6      | Noticed grimtooth's ghost (novice DgFE)
  7338 | D:6      | Found a transporter.
  7338 | D:6      | Noticed a troll
  7340 | D:6      | - oh looky here
  7385 | D:6      | Reached XP level 8. HP: 45/45 MP: 10/10
  8153 | D:7      | Found Neonan's Neck Hole.
  8300 | D:7      | Found a hide-covered altar of Uskayaw.
  8300 | D:7      | Found a basalt altar of Yredelemnul.
  8300 | D:7      | Found an iron altar of Okawaru.
  8305 | D:7      | Found a shadowy altar of Dithmenos.
  8332 | D:7      | Reached * piety under Sif Muna
  8390 | D:7      | Reached skill level 5 in Short Blades
  8947 | D:6      | Noticed Duvessa
  8947 | D:6      | Noticed Dowan
  9156 | D:7      | Reached skill level 1 in Spellcasting
  9424 | D:8      | Found a staircase to the Lair.
  9440 | D:8      | Learned a level 3 spell: Ozocubu's Armour
  9536 | D:8      | Reached XP level 9. HP: 49/49 MP: 13/16
 10130 | D:8      | Identified the +4 buckler of the Watchman {rPois Int+7
                  | Slay-4}
 10541 | D:9      | Noticed a troll
 10548 | D:9      | Killed a troll
 10549 | D:9      | Reached skill level 5 in Spellcasting
 10663 | D:9      | Reached ** piety under Sif Muna
 10710 | D:9      | Noticed a two-headed ogre
 10954 | D:9      | Reached skill level 1 in Shields
 11512 | D:9      | Noticed Joseph
 11524 | D:10     | Entered Level 10 of the Dungeon
 11622 | D:10     | Noticed a two-headed ogre
 11695 | D:10     | Learned a level 3 spell: Confusing Touch
 11701 | D:10     | Learned a level 5 spell: Metabolic Englaciation
 11743 | D:10     | Reached XP level 10. HP: 54/54 MP: 19/22
 12549 | D:10     | Noticed a two-headed ogre
 12620 | D:10     | Killed a two-headed ogre
 12971 | D:10     | - i gotta remember about the slay-4
 12998 | D:10     | Found a staircase to the Orcish Mines.
 13319 | D:5      | Killed Maggie
 13642 | D:6      | Killed Duvessa
 13644 | D:6      | Killed Dowan
 13645 | D:6      | Reached skill level 1 in Invocations
 13803 | D:9      | Killed Joseph
 13947 | Lair:1   | Entered Level 1 of the Lair of Beasts
 13948 | Lair:1   | - oh the double portal... again!
 13979 | Lair:1   | Noticed a cane toad
 14013 | Lair:1   | Found a dark tunnel.
 14020 | Volcano  | Entered a volcano
 14078 | Volcano  | Noticed a red ugly thing
 14078 | Volcano  | Noticed a red ugly thing
 14078 | Volcano  | Noticed a sun demon
 14079 | Volcano  | - okay pretty brutal
 14090 | Volcano  | Noticed a red ugly thing
 14090 | Volcano  | Noticed an orc sorcerer
 14134 | Lair:1   | Noticed a death yak
 14141 | Lair:1   | Noticed a death yak
 14186 | Lair:1   | Reached XP level 11. HP: 53/58 MP: 13/26
 14211 | Lair:1   | Found a gate leading to a gauntlet.
 14211 | Lair:1   | Noticed a four-headed hydra
 14223 | Gauntlet | Entered a Gauntlet
 14223 | Gauntlet | Found a transporter.
 14259 | Gauntlet | Found a transporter.
 14260 | Gauntlet | Found a transporter.
 14266 | Gauntlet | Noticed a fire crab
 14276 | Gauntlet | Found a transporter.
 14278 | Gauntlet | Found a transporter.
 14287 | Gauntlet | Found a transporter.
 14301 | Gauntlet | Found a runed translucent door.
 14301 | Gauntlet | Noticed a death scarab
 14302 | Gauntlet | Noticed a death scarab
 14303 | Gauntlet | Found a transporter.
 14305 | Gauntlet | Found a runed translucent door.
 14307 | Gauntlet | Found a transporter.
 14323 | Gauntlet | Found a transporter.
 14323 | Gauntlet | Noticed a hell beast
 14327 | Gauntlet | Found a transporter.
 14336 | Gauntlet | Found a transporter.
 14337 | Gauntlet | Found a transporter.
 14356 | Gauntlet | Noticed a death scarab
 14359 | Gauntlet | Found a transporter.
 14361 | Gauntlet | Noticed a death scarab
 14363 | Gauntlet | Found a transporter.
 14478 | Gauntlet | Killed a fire crab
 14479 | Gauntlet | Reached skill level 5 in Invocations
 14556 | Gauntlet | - lookin tough
 14579 | Gauntlet | Killed a death scarab
 14595 | Gauntlet | Noticed a minotaur
 14618 | Gauntlet | Mangled by a minotaur

Illustrated notes #.# #.. #.####.# #.##...##.# ..........###### #.####.#.......# # #.##.####.# #.##.####.#####.# #.##............# #.#####.....##### #.# #.....# .. #....@# ........# #######.# .#≈≈SSS#.# .#≈≈∩≈≈+.. #≈≈≈≈≈#.. #######.. .........# Turn 269 on D:4: - looks pretty dangerous #.# #.# ######### ## ########.########.......# . .........))))..)........# # ########.########.......## # #.###......#.##.... # #..........#.##.### # #####.####.#.##.##. ####### #######....######.##.##. ....... ............>.....##.##. .##### ######@############.### .# #...# #.# .# #(o.# ..# .# (...# ### .## ##...# ..# .#### #.#### . .....# #. #.##.# #..#.# ##.#.# Turn 3572 on D:3: - what is up with these chainmail dipshits #....##..# #.# #....##...#.( #....##..###.# ##'####...#.. ########...##.# ##'## #...#.. #........#.##.# #...# #...#.. #.########..#.# #...####'##.. #.# ##.#.# #........##.. ####+## #.#.# ##.#.######.. ......# #...# #.#.#.....## ......# ##..# #.#....##.# ......###### #..#####.#######.# ...........# #.@@.....#######+# ####.......# #########........ .....(.....# ###### #.......... #####......# #....# #.......... #......# #.##.# #.......... #......# #.##.# #........ #......# #.##.# #........ ######## #.##.# #.....c.. #.##.# ######### #.##.############## #.##<.............. Turn 6922 on D:5: - this is a game-ender #.# ##'## #.# #.# #.# #.## #.# ##### #.# #... #.. ..>..##.##### #### ### #.........# ##......#.## .............## #########...#.###. #.......##........ 8..#.#..8#.##.#### ..#...#.W#@# ## $......h.#...# ...©....#©..# .....s.#..## ...#..#.## #.#..8#.# ...T©##.# #####.$# Turn 7340 on D:6: - oh looky here ##..#### # #..# ....##.## .## #..# ....#...#...# #..# ............. #..# ............. #..# ....[........ #>.# ...)#...#...# #..# ..).##8## 8## #..# ....##### # ## ### #####..# .....(.....###.###.###..##..# ...............)@...........# ############################# Turn 12971 on D:10: - i gotta remember about the slay-4 ## #. #. #. #. #..#.#.#####.# #.....@.....# ##.##.####### #. #. ## Turn 13948 on Lair:1: - oh the double portal... again! ##..###...##.# ..§.......#.# ≈≈≈≈≈§.....### §≈§≈≈§≈≈≈....## §≈≈≈≈§≈§≈≈....# ≈≈≈§§§≈§≈....## §§ §§§§§≈≈§≈.....# §§§ ≈§≈≈§≈≈.....##### ≈)§§ ≈≈≈≈§≈........#.## u...! .§..§......###...#.)u3[. ######.##### ###@.# ## #### Turn 14079 on Volcano: - okay pretty brutal

#≈≈....#©.........©.......
#≈..######################
####...#.#.....#...........#3
#≈≈..♣.#.#..##.#...#≈#≈#...#5
#≈.....#..##..##.P.≈≈≈≈≈.P.#.
##....♣.##.^©^.##.♣.#≈#≈#P♣.#.
##≈......##..##..#...≈≈≈≈≈PP.#.
#≈≈.PP.♣.#.##..#.#...#≈#≈#...#.
#≈.PP...#..(©!#.#......P....#.
##.P♣.#############...♣P..####
##≈....#©....©@...©#.......#©..
#≈≈.###################.#######
##≈.#....WWW#.#ZB.....#.#.#.#..
##.#.8.8.WW#.#Z#####.#.##.#.##
##≈.#^.....W#.#B+...+.#.##.##..
#≈≈.#.#.©.#.#.#.#.©.#.#.#.#.©#.
##≈.#^.....^#.#.#≈≈≈#.#.#.##..#
##.#.#.#.#.#.#.#####.#.##..###
##≈.#.!.©[[W#.#.=.©[?Z#.##.?©[[
#≈≈.#########.#########.#######
##≈............................


Turn 14556 on Gauntlet: - lookin tough

Levels and vault maps discovered:
D:1:      minmay_arrival_open_corners, layout_basic
D:2:      layout_rooms, basic_altar, hellmonk_ecumenical_altar_blasted,
          grunt_ministairs_2, minmay_misc_feat_room
D:3:      layout_basic
D:4:      layout_loops_ring, grunt_qazlal_clouds, gup_sewer_entry_glass
D:5:      layout_basic, minmay_between
D:6:      layout_loops_corners, lemuel_temple_firewalk_a, gammafunk_ghost_arena,
          wad_woods_river_04, uniq_maggie, uniq_duvessa
D:7:      layout_loops_ring, minitemple, serial_rivers,
          chequers_serial_rivers_large_a, chequers_serial_rivers_room_a,
          chequers_serial_rivers_micro_b, chequers_serial_rivers_micro_a,
          nicolae_shop_sticking_my_neck_out
D:8:      minmay_weird_star, layout_basic, lair_entry_dummy
D:9:      layout_basic, uniq_joseph
D:10:     layout_long_grid, david_orc_4
Temple:   minmay_crystal_spiral_temple
Lair:1:   layout_loops_ring, nicolae_volcano_entry_batcave,
          gauntlet_entry_generic, chequers_serial_rivers_marsh, minivault_19,
          minmay_lair_oklob_items, st_stairs_7
Gauntlet: minmay_gauntlet_77_tree [minmay_gauntlet_arena_77_double_cross,
          minmay_gauntlet_arena_77_chump_sandwich,
          minmay_gauntlet_arena_77_squiggly,
          minmay_gauntlet_arena_77_terracotta_army,
          minmay_gauntlet_arena_77_mess, minmay_gauntlet_arena_77_shame_cube,
          minmay_gauntlet_arena_77_museum, gauntlet_exit_hidden_loot]

Skill      XL: |  1  2  3  4  5  6  7  8  9 10 11 |
---------------+----------------------------------+-----
Dodging        | 3 5 6 |  6.7
Stealth        | 7 8 9 |  9.0
Ice Magic      | 1 3 6 7 9 |  9.2
Hexes          | 1 3 5 6 9 |  9.0
Short Blades   | 6 |  6.0
Spellcasting   | 3 6 9 |  9.0
Shields        | 3 4 |  4.0
Invocations    | 4 6 |  6.0
Fighting       | |  2.4

Action                   |  1- 3 |  4- 6 |  7- 9 | 10-12 || total
-------------------------+-------+-------+-------+-------++-------
Melee: Short sword       |    16 |   332 |   451 |   220 ||  1019
       Dagger            |       |       |   101 |    90 ||   191
Throw: Dart              |    10 |   117 |    41 |     6 ||   174
       Stone             |       |     3 |       |       ||     3
       Boomerang         |       |       |     9 |       ||     9
 Cast: Ensorcelled Hiber |       |     6 |    76 |    31 ||   113
       Ozocubu's Armour  |       |       |     3 |     7 ||    10
       Metabolic Englaci |       |       |       |     9 ||     9
       Confusing Touch   |       |       |       |     1 ||     1
Evoke: Wand              |     6 |     4 |     3 |     2 ||    15
  Use: Scroll            |     2 |     4 |    11 |     2 ||    19
       Potion            |     1 |     3 |     2 |     5 ||    11
 Stab: Sleeping          |     2 |    14 |    53 |    20 ||    89
       Paralysed         |       |       |     1 |     1 ||     2
       Distracted        |       |       |     1 |       ||     1
       Confused          |       |       |       |     2 ||     2
       Invisible         |       |       |       |     2 ||     2
Armor: Leather armour    |     3 |   105 |   220 |   153 ||   481
Dodge: Dodged            |    11 |   253 |   368 |   146 ||   778
Block: Buckler           |       |       |       |   130 ||   130
